 Dungeon Crawl Stone Soup version 0.22.1-1-ga44c0e5 (webtiles) character file.

84 whitewolfNL the Insei (level 4, 0/28 HPs)
             Began as an Octopode Transmuter on Sept 22, 2018.
             Slain by a worm (10 damage)
             ... on level 3 of the Dungeon.
             The game lasted 00:13:33 (3108 turns).

whitewolfNL the Insei (Octopode Transmuter)         Turns: 3108, Time: 00:13:34

Health: 0/28       AC:  1    Str: 10    XL:     4   Next: 46%
Magic:  7/7        EV: 14    Int: 15    God:
Gold:   58         SH:  0    Dex: 12    Spells: 6/7 levels left

rFire    + . .     SeeInvis .   l - +0 dagger (curse)
rCold    . . .     Gourm    .   (no shield)
rNeg     . . .     Faith    .   (helmet restricted)
rPois    .         Spirit   .   (no amulet)
rElec    .         Reflect  .   s - ring of protection from fire
rCorr    .         Harm     .   v - +1 ring of evasion
MR       .....                  (no ring)
Stlth    +++.......             (no ring)
HPRegen  0.09/turn              (no ring)
MPRegen  0.10/turn              (no ring)
                                (no ring)
                                (no ring)

@: no status effects
A: almost no armour, stealthy swim, amphibious, 8 rings, constrict 8, camouflage
1, gelatinous body 1
a: no special abilities


You were on level 3 of the Dungeon.
You were not hungry.

You visited 1 branch of the dungeon, and saw 3 of its levels.

You collected 58 gold pieces.

Inventory:

Hand Weapons
 g - a +0 club
 i - a +0 club
 k - a +0 club
 l - a cursed +0 dagger (weapon)
 o - a +0 club
 q - a +0 club
 r - a +0 club
Missiles
 a - 12 arrows
 d - 46 stones (quivered)
 p - 72 bolts
Jewellery
 s - a ring of protection from fire (left tentacle)
 v - a +1 ring of evasion (right tentacle)
Scrolls
 h - a scroll of teleportation
 n - a scroll of blinking {unknown}
 t - a scroll of enchant weapon {unknown}
 w - a scroll of amnesia
 y - a scroll of immolation
Potions
 b - a potion of haste {unknown}
 e - a potion of curing {unknown}
 j - a potion of brilliance {unknown}
 m - a potion of cancellation {unknown}
 u - a potion of flight {unknown}
Comestibles
 c - 4 rations


   Skills:
 * Level 1.1 Fighting
 + Level 2.5 Dodging
 * Level 3.1 Stealth
 * Level 3.8 Unarmed Combat
 + Level 2.2 Spellcasting
 + Level 2.1 Transmutations


You had 6 spell levels left.
You knew the following spells:

 Your Spells              Type           Power        Failure   Level  Hunger
a - Beastly Appendage     Tmut           #.....       9%          1    #......

Your spell library contained the following spells:

 Spells                   Type           Power        Failure   Level  Hunger
 Sticks to Snakes         Tmut           #.......     14%         2    ###....
 Spider Form              Tmut/Pois      #.........   38%         3    ###....
 Ice Form                 Ice/Tmut       #.......     80%         4    #####..
 Blade Hands              Tmut           #.........   94%         5    ######.


Dungeon Overview and Level Annotations

Branches:
Dungeon (3/15)

Altars:


Innate Abilities, Weirdness & Mutations

You cannot wear most types of armour.
You are very stealthy in the water. (Stealth+)
You are amphibious.
You can wear up to eight rings at the same time.
You can use your tentacles to constrict eight enemies at once.
Your skin changes colour to match your surroundings (Stealth+).
Your rubbery body absorbs attacks. (AC +1, EV +1)


Message History

Unknown command.
As you read the scroll of identify, it crumbles to dust.
w - a scroll of amnesia The worm bites you.
You hit the worm but do no damage. You grab the worm. You squeeze the worm.
The worm is moderately wounded.
You constrict the worm. The worm closely misses you.
You hit the worm. You squeeze the worm.
The worm is heavily wounded.
You constrict the worm. You hit the worm.
The worm is severely wounded.
You constrict the worm. The worm bites you!
You hit the worm but do no damage.
The worm is severely wounded.
You constrict the worm. You hit the worm.
The worm is severely wounded.
You constrict the worm. The worm bites you!
You die...

#.#..#.
#############.#....
#................#
#................#
#................#
#......@w........#
#................#
#................#
#.....)..........#
#................#####
##############.#.#...#
#.#.#.#.# #.....#.#
##.......#


You could see a worm.

Vanquished Creatures
  A worker ant (D:3)
  An adder (D:2)
  4 dart slugs
  A leopard gecko (D:2)
  An orc (D:3)
  2 giant cockroaches
  7 goblins
  7 hobgoblins
  3 jackals (D:1)
  A kobold (D:2)
  A ball python (D:1)
  4 bats
  4 frilled lizards
  5 rats
42 creatures vanquished.

Notes
Turn   | Place    | Note
-------+----------+-------------------------------------------
     0 | D:1      | whitewolfNL the Octopode Transmuter began the quest for the
                  | Orb.
     0 | D:1      | Reached XP level 1. HP: 13/13 MP: 3/3
   271 | D:1      | Reached XP level 2. HP: 12/18 MP: 5/5
   691 | D:1      | Reached skill level 1 in Stealth
   923 | D:1      | Reached XP level 3. HP: 16/23 MP: 6/6
  2712 | D:2      | Reached XP level 4. HP: 25/28 MP: 7/7
  3108 | D:3      | Slain by a worm

Skill      XL: |  1  2  3  4 |
---------------+-------------+-----
Stealth        | 1 2 3 |  3.1
Fighting       | |  1.1
Dodging        | |  2.5
Unarmed Combat | |  3.8
Spellcasting   | |  2.2
Transmutations | |  2.1

Action                   |  1- 3 |  4- 6 || total
-------------------------+-------+-------++-------
Melee: Unarmed           |    56 |       ||    56
       Constrict         |    23 |     4 ||    27
       Tentacles         |    19 |     5 ||    24
       Short sword       |    34 |       ||    34
       Dagger            |    19 |    10 ||    29
       Punch             |     1 |     1 ||     2
 Cast: Beastly Appendage |     1 |       ||     1
  Use: Scroll            |     5 |     1 ||     6
 Stab: Sleeping          |     6 |     1 ||     7
  Eat: Ration            |     2 |       ||     2
       Chunk             |     1 |       ||     1
Armor: Skin              |    10 |       ||    10
Dodge: Dodged            |    46 |     4 ||    50
